 Dungeon Crawl Stone Soup version 0.31-a0-774-g0d66cbabe8 (webtiles) character file.

Game seed: 13068700224496322660

43048 CrazyBamboolord the Bludgeoner (level 14, -13/177 HPs)
             Began as a Formicid Monk on Sept 17, 2023.
             Was the Champion of Okawaru.
             Mangled by a komodo dragon (21 damage)
             ... on level 4 of the Lair of Beasts.
             The game lasted 00:25:53 (17340 turns).

CrazyBamboolord the Bludgeoner (Formicid Monk)     Turns: 17340, Time: 00:25:53

Health: -13/177    AC: 27    Str: 20    XL:     14   Next: 58%
Magic:  22/23      EV:  2    Int: 11    God:    Okawaru [******]
Gold:   924        SH:  5    Dex: 19    Spells: 13/13 levels left

rFire   x . .        e - +5 giant club of Elewog {freeze, rC+}
rCold   + . .        (shield currently unavailable)
rNeg    . . .        B - melded +4 chain mail "Zuoraddu" {rPois Will+ Str-5 Slay+3}
rPois   +            (helmet unavailable)
rElec   .            n - melded +2 cloak of Dishonour {-Tele Harm rPois Int+3}
rCorr   +            v - melded +2 pair of gloves
SInv    .            (boots currently unavailable)
Will    ++...        h - amulet of reflection
Stlth   ++++         C - ring of resist corrosion
HPRegen 0.49/turn    F - ring "Laburuf" {rF- Will+ Dex+3 Stlth+}
MPRegen 0.18/turn

%: reflection
@: tree-form, heroic
A: stationary, stasis, torment immunity, boosted hp, permanent stasis, dig
shafts and tunnels, (antennae 3), four strong arms
a: Renounce Religion, Heroism, Finesse, Duel


You were on level 4 of the Lair of Beasts.
You worshipped Okawaru.
Okawaru was exalted by your worship.
You were a tree.
You visited 3 branches of the dungeon, and saw 16 of its levels.
You also visited: Bailey.

You collected 963 gold pieces.
You spent 39 gold pieces at shops.

Inventory:

Hand Weapons
 e - the +5 giant club of Elewog (weapon) {freeze, rC+}
   (Okawaru gifted it to you on level 9 of the Dungeon)

   rC+:       It protects you from cold.
 w - a +2 whip of flaming
Missiles
 J - 2 throwing nets
Armour
 d - an orb of light
 n - the +2 cloak of Dishonour (melded) {-Tele Harm rPois Int+3}
   (You found it on level 2 of the Dungeon)

   Int+3:     It affects your intelligence (+3).
   rPois:     It protects you from poison -Tele: It prevents most forms of
   teleportation.
   Harm:      It increases damage dealt and taken.
 v - a +2 pair of gloves (melded)
 B - the +4 chain mail "Zuoraddu" (melded) {rPois Will+ Str-5 Slay+3}
   (You found it in a bailey)

   Str-5:     It affects your strength (-5).
   Slay+3:    It affects your accuracy & damage with ranged weapons and melee
   (+3).
   rPois:     It protects you from poison Will+: It increases your willpower.
Jewellery
 h - an amulet of reflection (around neck)
 C - a ring of resist corrosion (left branch)
 F - the ring "Laburuf" (right branch) {rF- Will+ Dex+3 Stlth+}
   (You found it on level 11 of the Dungeon)

   [ring of willpower]

   Dex+3:     It affects your dexterity (+3).
   rF-:       It makes you vulnerable to fire.
   Will+:     It increases your willpower.
   Stlth+:    It makes you more stealthy.
 M - an amulet of guardian spirit
Wands
 c - a wand of flame (13)
 f - a wand of paralysis (28)
 x - a wand of acid (13)
 z - a wand of polymorph (14)
 G - a wand of roots (4)
Scrolls
 b - 3 scrolls of revelation
 g - a scroll of acquirement {unknown}
 i - 5 scrolls of fog {unknown}
 k - 4 scrolls of amnesia
 l - 4 scrolls of noise
 m - 4 scrolls of poison {unknown}
 o - 2 scrolls of fear
 r - a scroll of brand weapon {unknown}
 u - a scroll of enchant armour
 y - 2 scrolls of immolation
 D - 5 scrolls of vulnerability {unknown}
 E - a scroll of enchant weapon {unknown}
Potions
 a - a potion of lignification
 j - 2 potions of brilliance
 p - 3 potions of enlightenment
 q - 3 potions of attraction
 t - 3 potions of mutation
 A - 2 potions of magic
 H - 3 potions of cancellation {unknown}


   Skills:
 * Level 13.3(18.3) Fighting
 * Level 15.0(20.0) Maces & Flails
 * Level 12.9(17.9) Armour
 - Level 2.6(7.6) Dodging
 - Level 12.0 Invocations


You had 13 spell levels left.
You didn't know any spells.
Your spell library contained the following spells:

 Spells                   Type           Power      Damage    Failure   Level
 Slow                     Hex            0%         N/A       34%         1
 Sting                    Tmut/Pois      0%         1d3       34%         1
 Poisonous Vapours        Pois/Air       0%         N/A       47%         2
 Static Discharge         Conj/Air       0%         2-2/arc   47%         2
 Wereblood                Tmut           0%         N/A       47%         2
 Confusing Touch          Hex            0%         N/A       71%         3
 Ozocubu's Armour         Ice            0%         N/A       71%         3
 Sigil of Binding         Hex            0%         N/A       71%         3
 Vampiric Draining        Necr           0%         2d6       71%         3
 Airstrike                Air            0%         2d(0-16)  98%         4
 Olgreb's Toxic Radiance  Pois           0%         N/A       98%         4
 Passage of Golubria      Tloc           0%         N/A       98%         4
 Irradiate                Conj/Tmut      0%         3d11      100%        5
 Silence                  Hex/Air        0%         N/A       100%        5
 Ozocubu's Refrigeration  Ice            0%         4d7       100%        7
 Lehudib's Crystal Spear  Conj/Erth      0%         10d2      100%        8
 Summon Lightning Spire   Summ/Air       Unusable   N/A       N/A         4

Dungeon Overview and Level Annotations

Branches:
Dungeon (11/15)            Temple (1/1) D:5            Lair (4/5) D:9
  Swamp (0/4) Lair:3        Snake (0/4) Lair:3       Bailey (visited)
  Slime: Lair:4-5       Orc: D:9-12

Altars:
Ashenzari
Cheibriados
Dithmenos
Elyvilon
Fedhas
Gozag
Hepliaklqana
Kikubaaqudgha
Makhleb
Nemelex Xobeh
Okawaru
Qazlal
Ru
Sif Muna
Trog
Uskayaw
Vehumet
Wu Jian
Xom
Yredelemnul
Zin
The Shining One

Shops:
D:3 *   D:7 :


Innate Abilities, Weirdness & Mutations

You are a tree.
Your roots penetrate the ground, keeping you stationary.
You cannot be teleported.
You are immune to unholy pain and torment.
Your maximum health is greatly increased.
Your equipment is partially melded.
You cannot be hasted, slowed, berserked, paralysed or teleported.
You can dig through walls and to a lower floor.
((You have a pair of large antennae on your head. (SInv)))
Your four strong arms can wield two-handed weapons with a shield.


Message History

The death yak gores you!
* * * LOW HITPOINT WARNING * * *
The komodo dragon bites you but does no damage.
You feel better.
The death yak gores you but does no damage.
The komodo dragon barely misses you.
You barely miss the death yak.
The death yak is heavily wounded.
The death yak gores you!!
* * * LOW HITPOINT WARNING * * *
The komodo dragon bites you but does no damage.
Unknown command.
Okay, then.
You gain the combat prowess of a mighty hero.
The death yak gores you but does no damage.
You block the komodo dragon's attack.
You feel better. The death yak gores you.
* * * LOW HITPOINT WARNING * * *
You block the komodo dragon's attack.
Unknown command.
You feel better.
The death yak gores you but does no damage.
You block the komodo dragon's attack.
You bludgeon the death yak!! You freeze the death yak.
The death yak is almost dead.
The death yak gores you but does no damage.
The komodo dragon bites you!!
* * * LOW HITPOINT WARNING * * *
Unknown command.
You bludgeon the death yak!! You freeze the death yak.
You kill the death yak!
Okawaru accepts your kill.
You hit the komodo dragon. You freeze the komodo dragon.
The komodo dragon is lightly wounded.
You block the komodo dragon's attack.
You bludgeon the komodo dragon!! You freeze the komodo dragon.
The komodo dragon is almost dead.
You hear an angry hiss. x2
The komodo dragon bites you!!
You die...

, #.$l........#......#..
#.##.......#..P#......#.P
#.......###..............
,#...P..............=....
#.....#.................
##..#........>..........
#..###.................
#. # #l##P.P...........
#. #.#♣##.....P.##.##.. .
#..........#.#.#.... ..
#P.(.................
##...##..............
#.....#......†...#...
#.....#.....=†).##..#
#..#P........#..##.##
##.##.##.....#>##....
#..............[....


You could see a komodo dragon.

Vanquished Creatures
  An orc warlord (Bailey)
  Snorg (D:10)
  A hydra (Lair:3)
  Erica (D:9)
  A two-headed ogre (D:10)
  11 death yaks
  Nergalle (D:10)
  2 bog bodies (Lair:3)
  Pikel (D:6)
  An ugly thing (D:9)
  A manticore (D:11)
  2 oklob plants (Lair:2)
  A cyclops (D:8)
  2 black mambas (Lair:1)
  9 elephants
  Maurice (D:10)
  A gargoyle (D:11)
  A kobold demonologist (D:9)
  6 cane toads
  3 rime drakes (Lair:2)
  A freezing wraith (D:11)
  4 komodo dragons
  Jeremiah (D:9)
  Psyche (D:9)
  An unseen horror (D:11)
  Grinder (D:3)
  2 trolls
  4 dream sheep (Lair:4)
  9 blink frogs
  A shadow (D:11)
  Sigmund (D:3)
  19 yaks
  3 wyverns
  A wraith (D:10)
  2 basilisks (Lair:1)
  Grum (D:10)
  A steam dragon (D:8)
  3 nagas (Lair:3)
  18 water moccasins
  Duvessa (D:7)
  A black bear (D:4)
  A sky beast (D:7)
  2 ice beasts
  7 orc warriors
  2 ogres
  10 wolves
  2 centaurs
  A lemure (D:6)
  3 kobold brigands
  16 bullfrogs
  A gnoll sergeant (D:5)
  4 scorpions
  Dowan (D:7)
  6 killer bees (D:8)
  3 howler monkeys
  An electric eel (Lair:2)
  3 jellies
  A gnoll bouda (D:4)
  8 orc priests
  5 hounds
  Ijyb (D:4)
  2 iguanas
  10 orc wizards
  2 human simulacra (D:9)
  10 adders
  12 gnolls
  A shadow imp (D:5)
  3 white imps
  5 ufetubi
  3 worms (D:2)
  2 dart slugs (D:1)
  53 orcs
  6 bats
  6 endoplasms
  4 giant cockroaches
  10 goblins
  4 hobgoblins
  A jackal (D:4)
  26 kobolds
  2 quokkas
  5 ball pythons
  4 frilled lizards (D:2)
  4 rats
377 creatures vanquished.

Vanquished Creatures (others)
  3 goblins
3 creatures vanquished.

Grand Total: 380 creatures vanquished

Notes
Turn   | Place    | Note
-------+----------+-------------------------------------------
     0 | D:1      | CrazyBamboolord the Formicid Monk began the quest for the
                  | Orb.
     0 | D:1      | Reached XP level 1. HP: 18/18 MP: 1/1
   243 | D:1      | Reached XP level 2. HP: 24/24 MP: 2/2
   245 | D:1      | Reached skill level 1 in Armour
   449 | D:1      | Found a faded altar of an unknown god.
   913 | D:2      | Identified the +2 cloak of Dishonour {-Tele Harm rPois
                  | Int+3}
  1003 | D:2      | Identified the +9 long sword of Joesoy {heavy, rPois rC+++
                  | Str-5}
  1014 | D:2      | Reached XP level 3. HP: 30/30 MP: 3/3
  1732 | D:3      | Reached XP level 4. HP: 37/37 MP: 4/4
  1749 | D:3      | Found Guigaush's General Store.
  1752 | D:3      | Bought a potion of curing for 39 gold pieces
  1828 | D:3      | Reached XP level 5. HP: 31/43 MP: 5/5
  2022 | D:3      | Reached skill level 4 in Maces & Flails
  2074 | D:3      | Noticed Sigmund
  2081 | D:3      | Killed Sigmund
  2082 | D:3      | Reached skill level 5 in Fighting
  2082 | D:3      | Reached XP level 6. HP: 38/51 MP: 6/6
  2298 | D:3      | Noticed Grinder
  2696 | D:3      | Killed Grinder
  2697 | D:3      | Reached skill level 5 in Maces & Flails
  2697 | D:3      | Reached XP level 7. HP: 44/57 MP: 7/7
  3060 | D:4      | Reached skill level 5 in Armour
  3060 | D:4      | Reached XP level 8. HP: 39/64 MP: 8/8
  3204 | D:4      | Noticed Ijyb
  3224 | D:4      | Killed Ijyb
  3692 | D:5      | Entered Level 5 of the Dungeon
  3707 | D:4      | Reached skill level 6 in Maces & Flails
  4572 | D:5      | Found a staircase to the Ecumenical Temple.
  4590 | Temple   | Entered the Ecumenical Temple
  4663 | Temple   | Became a worshipper of Warmaster Okawaru
  4663 | Temple   | Reached * piety under Okawaru
  4663 | Temple   | Reached ** piety under Okawaru
  4787 | D:5      | Reached XP level 9. HP: 37/72 MP: 9/9
  4803 | D:5      | Reached skill level 1 in Invocations
  5344 | D:5      | Found a white marble altar of Elyvilon.
  5409 | D:5      | Found a basalt altar of Yredelemnul.
  5545 | D:6      | Identified the +10 falchion "Hyexac" {heavy, Fly}
  5659 | D:6      | Noticed Pikel
  5670 | D:6      | Killed Pikel
  5671 | D:6      | Reached skill level 7 in Maces & Flails
  6268 | D:7      | Noticed Duvessa
  6269 | D:7      | Noticed Dowan
  6275 | D:7      | Killed Duvessa
  6275 | D:7      | Reached *** piety under Okawaru
  6283 | D:7      | Killed Dowan
  6463 | D:7      | Reached XP level 10. HP: 82/82 MP: 13/13
  6644 | D:7      | Found Jiebykhi's Book Shoppe.
  6717 | D:7      | Reached skill level 8 in Maces & Flails
  6717 | D:7      | Reached skill level 5 in Invocations
  7944 | D:8      | Found a broken altar of Ashenzari.
  7951 | D:8      | Noticed a cyclops
  7956 | D:8      | Killed a cyclops
  8188 | D:8      | Found a sparkling altar of Nemelex Xobeh.
  8202 | D:8      | Reached **** piety under Okawaru
  9066 | D:9      | Noticed a death yak
  9066 | D:9      | Noticed a death yak
  9066 | D:9      | Noticed a death yak
  9066 | D:9      | Noticed a death yak
  9066 | D:9      | Noticed a death yak
  9066 | D:9      | Noticed Erica
  9112 | D:9      | Received a gift from Okawaru
  9339 | D:9      | Found a flagged portal.
  9339 | D:9      | Noticed Jeremiah
  9340 | D:9      | Noticed Psyche
  9351 | D:9      | Killed Psyche
  9352 | D:9      | Reached XP level 11. HP: 90/90 MP: 14/16
  9380 | Bailey   | Entered a bailey
  9399 | Bailey   | Noticed an orc warlord
  9540 | Bailey   | Reached skill level 9 in Maces & Flails
  9564 | Bailey   | Found a runed translucent gate.
  9564 | Bailey   | Found a runed translucent gate.
  9703 | Bailey   | Found a runed translucent gate.
  9715 | Bailey   | Reached skill level 10 in Fighting
  9861 | Bailey   | Killed an orc warlord
  9878 | Bailey   | Identified the +4 chain mail "Zuoraddu" {rPois Will+ Str-5
                  | Slay+3}
  9999 | Bailey   | Identified the staff of Dissent {rPois rF++ Poison}
 10054 | D:9      | Reached skill level 12 in Maces & Flails
 10054 | D:9      | Reached XP level 12. HP: 27/91 MP: 17/17
 10062 | D:9      | Killed Jeremiah
 10062 | D:9      | Received a gift from Okawaru
 10277 | D:9      | Reached skill level 13 in Maces & Flails
 10346 | D:9      | Noticed a death yak
 10359 | D:9      | Killed a death yak
 10428 | D:9      | Found a staircase to the Lair.
 10429 | D:9      | Found a hide-covered altar of Uskayaw.
 10433 | D:9      | Noticed a death yak
 10450 | D:9      | Killed a death yak
 10450 | D:9      | Received a gift from Okawaru
 10461 | D:9      | Killed a death yak
 10461 | D:9      | Reached ***** piety under Okawaru
 10462 | D:9      | Reached skill level 10 in Armour
 10469 | D:9      | Killed a death yak
 10745 | D:9      | Killed a death yak
 10751 | D:9      | Killed a death yak
 10755 | D:9      | HP: 5/100 [death yak (15)]
 11038 | D:9      | Killed a death yak
 11167 | D:9      | Killed Erica
 11167 | D:9      | Identified the +5 giant club of Elewog {freeze, rC+}
                  | (Okawaru gifted it to you on level 9 of the Dungeon)
 11167 | D:9      | Received a gift from Okawaru
 11575 | D:10     | Entered Level 10 of the Dungeon
 11575 | D:10     | Noticed Nergalle
 11578 | D:10     | Killed Nergalle
 11619 | D:10     | Noticed Grum
 11625 | D:10     | Reached XP level 13. HP: 83/106 MP: 19/19
 11628 | D:10     | Killed Grum
 11806 | D:10     | Noticed Snorg
 11816 | D:10     | Killed Snorg
 12050 | D:10     | Noticed Maurice
 12056 | D:10     | Killed Maurice
 13086 | D:11     | Reached skill level 10 in Invocations
 13482 | D:11     | Identified the ring "Laburuf" {rF- Will+ Dex+3 Stlth+}
 13701 | Lair:1   | Entered Level 1 of the Lair of Beasts
 13774 | Lair:1   | Reached skill level 14 in Maces & Flails
 13876 | Lair:1   | Reached ****** piety under Okawaru
 14730 | Lair:1   | Identified the +0 robe of Morality {rElec} (Okawaru gifted
                  | it to you on level 1 of the Lair of Beasts)
 14730 | Lair:1   | Received a gift from Okawaru
 15320 | Lair:2   | Reached XP level 14. HP: 70/116 MP: 22/22
 15843 | Lair:2   | Found a blossoming altar of Fedhas.
 16190 | Lair:3   | Found a staircase to the Snake Pit.
 16300 | Lair:3   | Found a staircase to the Swamp.
 17194 | Lair:4   | Received a gift from Okawaru
 17321 | Lair:4   | Reached skill level 15 in Maces & Flails
 17337 | Lair:4   | HP: 7/177 [komodo dragon (18)]
 17340 | Lair:4   | Mangled by a komodo dragon

Illustrated notes

Levels and vault maps discovered:
D:1:      sevenhm_arrival_forest_fort_large_4, layout_loops_corners,
          ebering_ecumenical_altar_petrified, dk_noncrumbling_4
D:2:      layout_basic
D:3:      layout_rooms, serial_shops, nicolae_shop_real_fake_doors,
          minmay_vboxes, uniq_grinder, uniq_sigmund
D:4:      layout_rooms, uniq_ijyb
D:5:      layout_loops_ring, nicolae_overflow_hidden_temple,
          nicolae_elyvilon_temple_path, minmay_temple_entry_mini_moons,
          minmay_increasing_density
D:6:      layout_cave_pools, nicolae_titane, uniq_pikel
D:7:      layout_layer_cave, minivault_5, kennysheep_windowed_goal, uniq_duvessa
D:8:      layout_cave_pods, evilmike_ruin_ashenzari, lemuel_tele_altar
D:9:      layout_roguey, kennysheep_mini, dpeg_lair_monsters, enter_bailey_5,
          bh_circular_ruins, uniq_jeremiah, uniq_psyche, uniq_erica
D:10:     layout_small_grid, minmay_misc_feat_secret_circle,
          kennysheep_flooded_box, uniq_grum, uniq_snorg, uniq_nergalle,
          uniq_maurice
D:11:     layout_grid_maze
Temple:   minmay_temple_bridge_d
Lair:1:   layout_layer_cave, cheibrodos_lair_reptile_den, grunt_megastairs_1
Lair:2:   layout_misc_corridors, hangedman_tree_tricks,
          chequers_serial_rivers_large_b, grunt_megastairs_3,
          infiniplex_staircase_pool
Lair:3:   layout_regular_city, skrybe_swamp_entry_bodies,
          guppyfry_snake_entry_island, lemuel_fruit_tree
Lair:4:   layout_gridlike, minmay_slime_entry_jelly_boxes,
          hangedman_lair_unloving_vines, beast_lair_carwin_9

Skill      XL: |  1  2  3  4  5  6  7  8  9 10 11 12 13 14 |
---------------+-------------------------------------------+-----
Armour         | 1 2 3 4 5 6 7 9 10 12 | 12.9
Fighting       | 4 5 6 7 8 9 10 11 12 13 | 13.3
Maces & Flails | 4 5 6 7 8 12 13 14 15 | 15.0
Invocations    | 4 6 7 9 11 12 | 12.0
Dodging        | |  2.6

Action                     |  1- 3 |  4- 6 |  7- 9 | 10-12 | 13-15 || total
---------------------------+-------+-------+-------+-------+-------++-------
  Melee: Mace              |    78 |    96 |   227 |       |       ||   401
         Giant club        |       |       |   113 |   329 |   381 ||   823
         Whip              |       |       |       |    19 |       ||    19
 Invoke: Heroism           |       |       |       |     4 |     1 ||     5
Ability: Dig               |     3 |       |     1 |     1 |       ||     5
  Evoke: Wand              |       |       |       |     4 |       ||     4
    Use: Scroll            |     4 |     1 |       |     9 |     6 ||    20
         Potion            |       |     1 |     6 |     5 |     5 ||    17
 Armour: Ring mail         |    35 |       |       |       |       ||    35
         Chain mail        |     2 |   100 |   393 |   307 |   298 ||  1100
         Skin              |       |       |       |       |    20 ||    20
  Dodge: Dodged            |    37 |    41 |   195 |   148 |   157 ||   578
  Block: Other             |       |       |    15 |    93 |   103 ||   211
         Reflection        |       |       |       |     3 |     1 ||     4

Table legend: (Time is in decaauts)
 A = Elapsed time spent in this place.
 B = Non-inter-level travel time spent in this place.
 C = Inter-level travel time spent in this place.
 D = Time resting spent in this place.
 E = Time spent auto-exploring this place.
 F = Levels seen in this place.
 G = Mean time per level.
                   A        B        C        D        E       F      G
               +--------+--------+--------+--------+--------+-----+--------+
         Total |  17454 |  16630 |    824 |   2175 |  11408 |  17 | 1026.7 |
       Dungeon |  13010 |  12408 |    602 |   1864 |   8297 |  11 | 1182.7 |
        Temple |    146 |      2 |    144 |      0 |      0 |   1 |  146.0 |
          Lair |   3634 |   3556 |     78 |      0 |   3016 |   4 |  908.5 |
        Bailey |    663 |    663 |      0 |    311 |     95 |   1 |  663.0 |
               +--------+--------+--------+--------+--------+-----+--------+

Top non-repeatable levels by time:
     D:9: 1818 daAuts
     D:7: 1677 daAuts
  Lair:1: 1497 daAuts
     D:5: 1359 daAuts
     D:8: 1305 daAuts
     D:2: 1135 daAuts
     D:4: 1064 daAuts
    D:11: 1052 daAuts
     D:1: 1044 daAuts
    D:10: 1041 daAuts
  Lair:3: 995 daAuts
  Lair:2: 896 daAuts
     D:3: 843 daAuts
     D:6: 668 daAuts
  Bailey: 663 daAuts
